 Dungeon Crawl Stone Soup version 0.29.1-15-g9cfb28693d (webtiles) character file.

Game seed: 17403606644797861392

165 ThatPearl the Insei (level 5, 0/42 HPs)
             Began as a Demigod Transmuter on Mar 11, 2023.
             Slain by an orc
             ... wielding a +0 falchion
              (3 damage)
             ... on level 3 of the Dungeon.
             The game lasted 00:06:26 (3579 turns).

ThatPearl the Insei (Demigod Transmuter)            Turns: 3579, Time: 00:06:26

Health: 0/42       AC:  2    Str: 11    XL:     5   Next: 1%
Magic:  10/11      EV: 12    Int: 19    God:
Gold:   138        SH:  0    Dex: 14    Spells: 5/8 levels left

rFire   . . .      SeeInvis .     - Unarmed
rCold   . . .      Faith    .   (no shield)
rNeg    . . .      Spirit   .   a - +0 robe
rPois   .          Reflect  .   (no helmet)
rElec   .          Harm     .   (no cloak)
rCorr   .          Rampage  .   (no gloves)
Will    .....                   (no boots)
Stlth   +.........              (no amulet)
HPRegen 0.14/turn               (no ring)
MPRegen 0.12/turn               (no ring)

@: no status effects
A: high MP 1, forlorn, divine attributes
a: no special abilities


You were on level 3 of the Dungeon.
You visited 1 branch of the dungeon, and saw 3 of its levels.

You collected 138 gold pieces.

Inventory:

Hand Weapons
 j - a +0 sling
Missiles
 d - 25 stones
 o - 4 boomerangs
Armour
 a - a +0 robe (worn)
Scrolls
 c - a scroll of enchant armour {unknown}
 f - 3 scrolls of noise {unknown}
 h - 4 scrolls of identify {unknown}
 i - a scroll of amnesia {unknown}
 k - 2 scrolls of vulnerability {unknown}
Potions
 b - 3 potions of lignification
 e - a potion of curing
 g - 2 potions of might
 l - a potion of heal wounds {unknown}
 m - a potion of haste {unknown}
 n - 2 potions of attraction {unknown}
 p - a potion of cancellation {unknown}


   Skills:
 + Level 2.5 Fighting
 - Level 1.7 Dodging
 + Level 3.6 Unarmed Combat
 + Level 2.2 Spellcasting
 + Level 3.1 Transmutations


You had 5 spell levels left.
You knew the following spells:

 Your Spells              Type           Power      Damage    Failure   Level
a - Beastly Appendage     Tmut           26%        N/A       4%          1
w - Wereblood             Tmut           13%        N/A       7%          2

Your spell library contained the following spells:

 Spells                   Type           Power      Damage    Failure   Level
 Freeze                   Ice            8%         1d3       17%         1
 Spider Form              Tmut/Pois      7%         N/A       26%         3
 Frozen Ramparts          Ice            4%         1d1       45%         3
 Portal Projectile        Hex/Tloc       4%         N/A       45%         3
 Tukima's Dance           Hex            2%         N/A       45%         3
 Ice Form                 Ice/Tmut       7%         N/A       65%         4
 Petrify                  Tmut/Erth      7%         N/A       65%         4
 Blade Hands              Tmut           6%         N/A       78%         5
 Hailstorm                Conj/Ice       2%         3d3       86%         4
 Metabolic Englaciation   Hex/Ice        1%         N/A       99%         5
 Statue Form              Tmut/Erth      4%         N/A       100%        6


Dungeon Overview and Level Annotations

Branches:
Dungeon (3/15)


Innate Abilities, Weirdness & Mutations

You have an increased reservoir of magic. (+10% MP)
You shall have no god before yourself.
Your divine heritage dramatically boosts your attributes as you level up.


Message History

The stone hits you. The dart slug launches a dart at you.
The slug dart hits you.
You closely miss something. Your kick misses something. You headbutt something.
Reactivating autopickup.
You feel a bit more experienced.
The orc throws a stone.
The stone closely misses you.
Your horns disappear.
Your talons disappear.
The dart slug launches a dart at you. The slug dart misses you.
The orc hits you with a +0 falchion.
* * * LOW HITPOINT WARNING * * *
Items here: $ (( )))) ? [ ††††.
You hit the orc.
The orc is severely wounded.
The orc misses you.
The dart slug bites you but does no damage.
You hit the dart slug.
The dart slug is heavily wounded.
The orc hits you with a +0 falchion!
* * * LOW HITPOINT WARNING * * *
You hit the dart slug.
You kill the dart slug!
The orc hits you with a +0 falchion.
* * * LOW HITPOINT WARNING * * *
You have reached level 5!
You hit the orc but do no damage.
The orc is severely wounded.
The orc barely misses you.
You hit the orc but do no damage.
The orc is severely wounded.
The orc barely misses you.
You barely miss the orc.
The orc is severely wounded.
The orc misses you.
You hit the orc but do no damage.
The orc is severely wounded.
You hit the orc but do no damage.
The orc is severely wounded.
The orc hits you with a +0 falchion.
You die...

#.# .... ..# #.#.###
###. #.# ##.....#
#..##..# ##...##.#
.......## ##....##.#
....⌠.## ##.⌠.......
#.....#####......##.#
#..).............^..#
####.##.##....#######
####@##.##.####
#..†o...##.#
..#####.##.##.##.#
........##.##.#.#.
### ..#####o##.....#
# ...
..o.....#####.## ...
...{..... .##
....o>.... . #
..#####.### # .#


You could see an orc.

Vanquished Creatures
  An orc priest (D:3)
  3 gnolls (D:3)
  6 adders (D:2)
  A worm (D:3)
  A dart slug (D:3)
  3 orcs
  A bat (D:2)
  4 endoplasms
  A giant cockroach (D:2)
  6 goblins
  4 hobgoblins
  5 jackals
  A quokka (D:1)
  4 ball pythons
  2 frilled lizards (D:1)
  4 kobolds
  2 rats
49 creatures vanquished.

Notes
Turn   | Place    | Note
-------+----------+-------------------------------------------
     0 | D:1      | ThatPearl the Demigod Transmuter began the quest for the
                  | Orb.
     0 | D:1      | Reached XP level 1. HP: 15/15 MP: 5/5
    61 | D:1      | Reached skill level 1 in Fighting
   666 | D:1      | Reached XP level 2. HP: 4/23 MP: 5/7
   948 | D:1      | Learned a level 2 spell: Wereblood
  1318 | D:2      | Reached XP level 3. HP: 6/29 MP: 5/8
  1329 | D:2      | HP: 1/29 [poisoned by an adder]
  2169 | D:2      | Reached XP level 4. HP: 36/36 MP: 7/9
  3575 | D:3      | Reached XP level 5. HP: 3/42 MP: 9/11
  3579 | D:3      | Slain by an orc

Illustrated notes

Levels and vault maps discovered:
D:1:      matt_arrival_los_fun, layout_rooms, interstate_on_off,
          minmay_distorted
D:2:      layout_loops_ring, serial_bayou_crossing
D:3:      layout_loops_cross, nicolae_overflow_ecumenical_swirl,
          hellmonk_ecumenical_altar_leap_of_faith, minmay_crystal_room

Skill      XL: |  1  2  3  4 |
---------------+-------------+-----
Fighting       | 1 2 |  2.5
Transmutations | 2 3 |  3.1
Unarmed Combat | 3 |  3.6
Spellcasting   | 2 |  2.2
Dodging        | |  1.7

Action                   |  1- 3 |  4- 6 || total
-------------------------+-------+-------++-------
Melee: Unarmed           |   102 |    73 ||   175
       Headbutt          |     9 |    10 ||    19
       Kick              |    14 |    13 ||    27
       Punch             |     2 |     3 ||     5
 Cast: Beastly Appendage |    17 |     8 ||    25
       Wereblood         |     2 |       ||     2
  Use: Potion            |     3 |       ||     3
Armor: Robe              |    17 |     8 ||    25
Dodge: Dodged            |    60 |    35 ||    95
